 Dungeon Crawl Stone Soup version 0.17-a0-913-g36eb389 (webtiles) character file.

151 hornqvist the Shield-Bearer (level 5, -16/41 HPs)
             Began as a Formicid Fighter on May 3, 2015.
             Demolished by Zwobot's ghost (18 damage)
             ... on level 3 of the Dungeon.
             The game lasted 00:02:26 (1907 turns).

hornqvist the Shield-Bearer (Formicid Fighter)      Turns: 1907, Time: 00:02:26

Health: -16/41     AC: 12    Str: 26    XL:     5   Next: 59%
Magic:  5/5        EV:  6    Int:  8    God:
Gold:   167        SH: 10    Dex: 10    Spells: 0 memorised, 4 levels left

rFire  . . .     SeeInvis +     a - +0 war axe
rCold  . . .     Clarity  .     m - +0 plate armour (curse)
rNeg   . . .     SustAb   .     c - +0 shield
rPois  .         Gourm    .     (helmet unavailable)
rElec  .         Spirit   .     (no cloak)
rCorr  .         Warding  .     o - +0 pair of gloves
rMut   .         Stasis   +     (no boots)
MR     .....                    (no amulet)
Stlth  ..........               (no ring)
                                (no ring)

@: mighty, very slightly contaminated, drained, invisible, not resistant to
hostile enchantments, extremely unstealthy
A: permanent stasis, dig shafts and tunnels, four strong arms, antennae 3
a: Dig, Shaft Self


You were on level 3 of the Dungeon.
You were hungry.

You visited 1 branch of the dungeon, and saw 3 of its levels.

You collected 167 gold pieces.

Inventory:

Hand weapons
 a - a +0 war axe (weapon)
Armour
 b - a +0 scale mail
 c - a +0 shield (worn)
 h - a +0 chain mail
 m - a cursed +0 plate armour (worn)
 o - a +0 pair of gloves (worn)
Scrolls
 g - 4 scrolls of remove curse {unknown}
 k - a scroll of enchant armour {unknown}
 l - 3 scrolls of identify {unknown}
 n - a scroll of magic mapping {unknown}
 q - a scroll of fear {unknown}
Potions
 d - a potion of might
 f - a potion of beneficial mutation {unknown}
 i - 2 potions of agility {unknown}
 j - 2 potions of heal wounds {unknown}
 r - a potion of resistance {unknown}
Comestibles
 e - 5 bread rations
 p - 5 chunks of flesh
 s - a fruit


   Skills:
 - Level 3.2(3.0) Fighting
 * Level 3.4(3.2) Axes
 + Level 4.0(3.7) Armour
 + Level 1.8(1.6) Dodging
 + Level 4.7(4.5) Shields


You had 4 spell levels left.
You didn't know any spells.

Dungeon Overview and Level Annotations

Branches:
Dungeon (3/15)

Altars:
Ru
Xom

Annotations:
D:3 Zwobot's ghost, average CeCK


Innate Abilities, Weirdness & Mutations

You are under a permanent stasis effect.
You can dig through walls and to a lower floor.
Your four strong arms can wield two-handed weapons with a shield.
You have a pair of large antennae on your head (SInv).


Message History

You are too injured to fight recklessly!
You are too injured to fight recklessly!
You are too injured to fight recklessly!
You are too injured to fight recklessly!
Your plate armour prevents you from hitting Zwobot's ghost.
Zwobot's ghost barely misses you.
You hit Zwobot's ghost but do no damage.
Zwobot's ghost hits you!
* * * LOW HITPOINT WARNING * * *
Zwobot's ghost freezes you.
* * * LOW HITPOINT WARNING * * *
Zwobot's ghost shrieks, "You will join me soon!"
Zwobot's ghost hits you but does no damage.
You feel drained.
You take 10 damage, and have 2/41 hp.
MASSIVE DAMAGE!!
You hit Zwobot's ghost. Zwobot's ghost closely misses you.
You hit Zwobot's ghost but do no damage.
Zwobot's ghost hits you but does no damage.
You are electrocuted!
You die...

######### ###.♣.._≈.._##.....#
###)....####...≈.._≈......)...#
...(.........#≈^.♣.....#......###
###.....#######..≈_.#♣##.........
####### ##§.§♣_####(....###
#########§###.##........
#.............###.#.....
#.......................
#.....W@......####......
#......###....# #...... #......
#.#### ##..##. #...... #.# #..##.
#...... #.# ##.##. ######
#.#########.##. #...........# .
#######.##..##. .........##...#.


You could see Zwobot's ghost.

Vanquished Creatures
  Jessica (D:2)
  Natasha (twice) (D:2)
  4 adders
  An ooze (D:1)
  2 giant geckos
  An orc (D:3)
  3 goblins (D:1)
  8 hobgoblins
  4 jackals (D:3)
  11 bats
  2 giant cockroaches (D:1)
  A giant newt (D:1)
  8 kobolds
  2 quokkas (D:3)
  5 rats
55 creatures vanquished.

Notes
Turn   | Place    | Note
--------------------------------------------------------------
     0 | D:1      | hornqvist, the Formicid Fighter, began the quest for the Orb.
     0 | D:1      | Reached XP level 1. HP: 18/18 MP: 1/1
    51 | D:1      | Reached XP level 2. HP: 9/24 MP: 2/2
   475 | D:1      | Reached XP level 3. HP: 29/29 MP: 3/3
   497 | D:1      | Reached skill level 1 in Dodging
   708 | D:2      | Noticed Jessica
   716 | D:2      | Killed Jessica
   716 | D:2      | Reached skill level 4 in Shields
   716 | D:2      | Reached XP level 4. HP: 35/35 MP: 4/4
   755 | D:2      | Noticed Natasha
   762 | D:2      | Killed Natasha
  1095 | D:2      | Found a sacrificial altar of Ru.
  1293 | D:2      | Noticed Natasha
  1299 | D:2      | Killed Natasha
  1299 | D:2      | Reached XP level 5. HP: 37/41 MP: 5/5
  1736 | D:3      | Found a shimmering altar of Xom.
  1760 | D:3      | Found a shimmering altar of Xom.
  1760 | D:3      | Found a shimmering altar of Xom.
  1761 | D:3      | Found a shimmering altar of Xom.
  1761 | D:3      | Found a shimmering altar of Xom.
  1764 | D:3      | Found a shimmering altar of Xom.
  1892 | D:3      | Noticed Zwobot's ghost (average CeCK)
  1905 | D:3      | HP: 2/41 [Zwobot's ghost (3)]
  1907 | D:3      | Demolished by Zwobot's ghost

Action                   |  1- 3 |  4- 6 || total
-------------------------+-------+-------++-------
Melee: War axe           |    61 |   120 ||   181
  Use: Potion            |       |     1 ||     1
  Eat: Chunk             |       |     3 ||     3
